 Dungeon Crawl Stone Soup version 0.30-a0-913-g9934a0ce24 (webtiles) character file.

Game seed: 17139874281787954220

4 Zeldest the Sneak (level 1, 0/19 HPs)
             Began as a Meteoran Delver on Mar 19, 2023.
             Succumbed to an adder's poison
             ... on level 6 of the Dungeon.
             The game lasted 00:01:13 (126 turns).

Zeldest the Sneak (Meteoran Delver)                  Turns: 126, Time: 00:01:14

Health: 0/19       AC:  3    Str: 13    XL:     1   Next: 85%
Magic:  2/2        EV: 12    Int: 11    God:
Gold:   39         SH:  0    Dex: 15    Spells: 0/0 levels left

rFire   . . .      SeeInvis .    a - +0 hand axe
rCold   . . .      Faith    .    (no shield)
rNeg    . . .      Spirit   .    b - +0 leather armour
rPois   .          Reflect  .    (no helmet)
rElec   .          Rampage  .    (no cloak)
rCorr   .                        (no gloves)
Will    .....                    (no boots)
Stlth   +                        (no amulet)
HPRegen 0.23/turn                (no ring)
MPRegen 0.08/turn                (no ring)

@: lethally poisoned (0 -> -5), glowing
A: sense surroundings 1, otherworldly, glowing, explore regen
a: no special abilities


You were on level 6 of the Dungeon.
You visited 1 branch of the dungeon, and saw 2 of its levels.

You collected 39 gold pieces.

Inventory:

Hand Weapons
 a - a +0 hand axe (weapon)
Armour
 b - a +0 leather armour (worn)
 d - a +0 plate armour
Wands
 g - a wand of digging (3)
Scrolls
 c - a scroll of fog


   Skills:
 + Level 3.3 Fighting
 * Level 2.7 Axes
 + Level 0.4 Armour
 - Level 2.4 Dodging
 - Level 3.7 Stealth


You couldn't memorise any spells.
You didn't know any spells.
Your spell library was empty.

Dungeon Overview and Level Annotations

Branches:
Dungeon (6/15) Zot: 1089
 Temple: D:4-7

Altars:
Gozag


Innate Abilities, Weirdness & Mutations

You passively map a small area around you.
You are easily found by Zot.
You glow in the dark.
You regain HP and MP as you explore.


Message History

The adder hisses angrily.
You see here 10 gold pieces.
You now have 39 gold pieces (gained 10).
Okay, then.
Sorry, you're not good enough to have a special ability.
Unknown command.
The adder attacks as you move away! The adder bites you but does no damage.
You closely miss the adder.
The adder bites you but does no damage. x2
You hit the adder but do no damage. The adder bites you.
You hit the adder.
The adder is lightly wounded.
The adder bites you. The adder completely misses you.
You miss the adder.
The adder is lightly wounded.
The adder closely misses you.
You completely miss the adder.
The adder is lightly wounded.
The adder bites you.
You are poisoned.
The adder poisons you! The adder bites you.
You are lethally poisoned!
The adder poisons you!
You barely miss the adder.
The adder is lightly wounded.
You feel very sick. The adder bites you.
You hit the adder.
The adder is heavily wounded.
* * * LOW HITPOINT WARNING * * *
You feel very sick. The adder bites you but does no damage.
The adder closely misses you.
You hit the adder.
The adder is severely wounded.
* * * LOW HITPOINT WARNING * * *
You feel sick. The adder bites you.
* * * LOW HITPOINT WARNING * * *
You aren't carrying any potions.
You hit the adder but do no damage.
The adder is severely wounded.
You die...

###### #..######...#,
** **
#######.#........# #
........#.###....#.#.
* ,
,.....................
*
#....##...###....#.#*
* #.... #..........#
+... ###..###...# *
#.., * ##S# ...#, #..
* #@#* ...# ,, , #..#
...# *** ##.# ####, ,,
.#* , .. * * * #.., ,
,, , ##* * * , , *, ,,
,


You could see an adder.

Vanquished Creatures
  2 orcs (D:5)
2 creatures vanquished.

Notes
Turn   | Place    | Note
-------+----------+-------------------------------------------
     0 | D:5      | Zeldest the Meteoran Delver began the quest for the Orb.
     0 | D:5      | Reached XP level 1. HP: 19/19 MP: 2/2
     2 | D:5      | Noticed an orc wizard
    16 | D:5      | Noticed an orc priest
    51 | D:6      | Noticed an iguana
    84 | D:6      | Found an opulent altar of Gozag.
   126 | D:6      | Succumbed to an adder's poison

Illustrated notes

Levels and vault maps discovered:
D:5:      kennysheep_windowed_halls, layout_cave_pods, uniq_pikel,
          uniq_eustachio, uniq_blork_the_orc
D:6:      layout_basic, nicolae_qazlal_scattered_showers,
          nicolae_gozag_cash_rules_everything_around_me,
          mainiacjoe_overflow_paths, gammafunk_temple_overflow_pools,
          minmay_temple_entry_slanted, minmay_manual_mullet

Action                     || total
---------------------------++-------
  Melee: Hand axe          ||    25
    Use: Scroll            ||     2
         Potion            ||     1
 Armour: Leather armour    ||     4
  Dodge: Dodged            ||    10

Table legend: (Time is in decaauts)
 A = Elapsed time spent in this place.
 B = Non-inter-level travel time spent in this place.
 C = Inter-level travel time spent in this place.
 D = Time resting spent in this place.
 E = Time spent auto-exploring this place.
 F = Levels seen in this place.
 G = Mean time per level.
                   A        B        C        D        E       F      G
               +--------+--------+--------+--------+--------+-----+--------+
         Total |    110 |    110 |      0 |      0 |      0 |   2 |   55.0 |
       Dungeon |    110 |    110 |      0 |      0 |      0 |   2 |   55.0 |
               +--------+--------+--------+--------+--------+-----+--------+

Top non-repeatable levels by time:
     D:6: 70 daAuts
     D:5: 39 daAuts
